 Dungeon Crawl Stone Soup version 0.23.1 (webtiles) character file.

Game seed: 2304368639080695609

5390 poirepourri the Severer (level 10, -1/88 HPs)
             Began as a Minotaur Fighter on Mar 8, 2019.
             Was an Elder of Okawaru.
             Slain by a porcupine (7 damage)
             ... on level 8 of the Dungeon.
             The game lasted 00:07:22 (7493 turns).

poirepourri the Severer (Minotaur Fighter)          Turns: 7493, Time: 00:07:24

Health: -1/88      AC: 10    Str: 22    XL:     10   Next: 39%
Magic:  9/9        EV:  7    Int:  5    God:    Okawaru [****..]
Gold:   658        SH: 15    Dex: 12    Spells: 9/9 levels left

rFire    . . .     SeeInvis .   a - +2 war axe
rCold    . . .     Gourm    .   c - +2 shield
rNeg     . . .     Faith    .   b - +0 scale mail
rPois    .         Spirit   .   (helmet restricted)
rElec    .         Reflect  +   d - +1 cloak
rCorr    .         Harm     .   (no gloves)
MR       .....                  u - +0 pair of boots
Stlth    ..........             i - +4 amulet of reflection
HPRegen  0.24/turn              (no ring)
MPRegen  0.11/turn              (no ring)

@: no status effects
A: retaliatory headbutt, horns 2
a: Heroism, Renounce Religion


You were on level 8 of the Dungeon.
You worshipped Okawaru.
Okawaru was greatly pleased with you.
You were not hungry.

You visited 2 branches of the dungeon, and saw 9 of its levels.

You collected 658 gold pieces.

Inventory:

Hand Weapons
 a - a +2 war axe (weapon)
Missiles
 o - 29 bolts
Armour
 b - a +0 scale mail (worn)
 c - a +2 shield (worn)
 d - a +1 cloak (worn)
 u - a +0 pair of boots (worn)
Jewellery
 i - a +4 amulet of reflection (around neck)
 j - an uncursed ring of ice
Wands
 g - a wand of paralysis (6)
 l - a wand of random effects (9)
 n - a wand of acid (9)
Scrolls
 m - 2 scrolls of remove curse
 p - a scroll of blinking
 s - a scroll of fear
Potions
 h - 4 potions of flight
 k - a potion of brilliance
 q - 2 potions of resistance
 r - a potion of agility
 t - 3 potions of cancellation
 v - 2 potions of lignification
 w - a potion of magic
 x - a potion of ambrosia
 z - a potion of haste
Comestibles
 f - 4 rations


   Skills:
 + Level 8.3 Fighting
 - Level 16.0 Axes
 - Level 3.6 Armour
 - Level 3.6 Shields


You had 9 spell levels left.
You didn't know any spells.
Your spell library was empty.

Dungeon Overview and Level Annotations

Branches:
Dungeon (8/15)             Temple (1/1) D:5            Lair (0/6) D:8

Altars:
Ashenzari
Cheibriados
Dithmenos
Elyvilon
Fedhas
Gozag
Hepliaklqana
Kikubaaqudgha
Makhleb
Nemelex Xobeh
Okawaru
Qazlal
Ru
Sif Muna
Trog
Uskayaw
Vehumet
Wu Jian
Xom
Yredelemnul
Zin
The Shining One


Innate Abilities, Weirdness & Mutations

You reflexively headbutt those who attack you in melee.
You have a pair of horns on your head.


Message History

You hit the porcupine. The porcupine bites you.
* * * LOW HITPOINT WARNING * * *
You block the porcupine's attack.
You completely miss the porcupine.
The porcupine is severely wounded.
You are struck by the porcupine's spines.
* * * LOW HITPOINT WARNING * * *
You hit the porcupine.
The porcupine bites you but does no damage.
The porcupine bites you.
* * * LOW HITPOINT WARNING * * *
You feel better. You block the porcupine's attack. The porcupine bites you.
* * * LOW HITPOINT WARNING * * *
You are struck by the porcupine's spines.
* * * LOW HITPOINT WARNING * * *
You slash the porcupine!
You kill the porcupine!
Okawaru accepts your kill.
You hit the porcupine. The porcupine bites you!
You die...

#.#########
#................ #..##
#.............).. ##.<#
#................ ##.#
###.............. #..
##.............. ##..
###.........÷....# ##.
#...............##
#.####...######..##.#..
###.#...@..######.......#
....[.##$r.†......).)÷..#
.......=.?..÷.......))...
......††s..########.)....
...........# #####†.
...........## #..
...P....!..$## #..
.P......†....# #..
.PPPPP..P..#..# ..>


You could see a scorpion and a porcupine.

Vanquished Creatures
  Pikel (D:7)
  A troll (D:6)
  A hippogriff (D:6)
  Eustachio (D:5)
  A steam dragon (D:8)
  Menkaure (D:5)
  A water moccasin (D:7)
  2 porcupines (D:8)
  A slave (D:7)
  An ice beast (D:5)
  3 orc warriors
  A sky beast (D:6)
  2 necrophages
  3 ogres
  3 centaurs
  4 bullfrogs
  A gnoll sergeant (D:7)
  A water moccasin skeleton (D:8)
  5 scorpions
  13 killer bees
  A howler monkey (D:7)
  A bullfrog zombie (D:8)
  2 crimson imps
  A quasit (D:6)
  3 jellies
  4 hounds
  2 centaur skeletons
  8 orc priests
  A bullfrog skeleton (D:8)
  11 orc wizards
  5 iguanas
  A worker ant (D:4)
  7 gnolls (D:7)
  A howler monkey skeleton (D:8)
  11 adders
  5 shadow imps
  An ooze (D:5)
  An adder zombie (D:8)
  An adder skeleton (D:6)
  A worm (D:5)
  2 dart slugs
  6 leopard geckos
  38 orcs
  6 bats
  3 giant cockroaches
  6 goblins
  15 hobgoblins
  6 jackals
  7 kobolds
  A quokka (D:2)
  2 ball pythons
  5 frilled lizards
  A jackal skeleton (D:7)
  A quokka zombie (D:6)
  6 rats
220 creatures vanquished.

Vanquished Creatures (others)
  A centaur (D:7)
  9 fungi (D:8)
  2 plants (D:8)
12 creatures vanquished.

Grand Total: 232 creatures vanquished

Notes
Turn   | Place    | Note
-------+----------+-------------------------------------------
     0 | D:1      | poirepourri the Minotaur Fighter began the quest for the
                  | Orb.
     0 | D:1      | Reached XP level 1. HP: 19/19 MP: 0/0
    42 | D:1      | Reached skill level 3 in Axes
    99 | D:1      | Reached XP level 2. HP: 23/26 MP: 1/1
   262 | D:1      | Reached skill level 4 in Axes
   738 | D:2      | Reached XP level 3. HP: 31/31 MP: 2/2
   822 | D:2      | Reached skill level 5 in Axes
   822 | D:2      | Reached XP level 4. HP: 26/39 MP: 3/3
  1252 | D:2      | Reached skill level 6 in Axes
  1945 | D:3      | Reached XP level 5. HP: 45/45 MP: 4/4
  2404 | D:4      | Reached skill level 7 in Axes
  2549 | D:4      | Reached XP level 6. HP: 39/51 MP: 5/5
  2660 | D:4      | Found a bloodstained altar of Trog.
  2660 | D:4      | Found a radiant altar of Vehumet.
  2661 | D:4      | Found a white marble altar of Elyvilon.
  2852 | D:4      | Reached skill level 8 in Axes
  3346 | D:5      | Entered Level 5 of the Dungeon
  3367 | D:5      | Noticed Eustachio
  3372 | D:5      | Noticed Menkaure
  3376 | D:5      | Killed Menkaure
  3376 | D:5      | Reached skill level 9 in Axes
  3376 | D:5      | Reached XP level 7. HP: 40/57 MP: 6/6
  3390 | D:5      | Killed Eustachio
  3787 | D:5      | Reached skill level 10 in Axes
  4040 | D:5      | Reached skill level 11 in Axes
  4069 | D:5      | Reached XP level 8. HP: 61/64 MP: 7/7
  4120 | D:5      | Found a staircase to the Ecumenical Temple.
  4136 | Temple   | Entered the Ecumenical Temple
  4354 | Temple   | Became a worshipper of Warmaster Okawaru
  4823 | D:6      | Reached skill level 12 in Axes
  4964 | D:6      | Noticed a troll
  4972 | D:6      | Killed a troll
  4972 | D:6      | Reached * piety under Okawaru
  4972 | D:6      | Reached skill level 13 in Axes
  5053 | D:6      | Noticed a hippogriff
  5066 | D:6      | Reached XP level 9. HP: 46/70 MP: 8/8
  5068 | D:6      | Reached ** piety under Okawaru
  5160 | D:6      | Reached skill level 14 in Axes
  5187 | D:6      | Found a burning altar of Makhleb.
  5788 | D:7      | Noticed Pikel
  5806 | D:7      | Killed Pikel
  5806 | D:7      | Reached *** piety under Okawaru
  5806 | D:7      | Reached skill level 15 in Axes
  6068 | D:7      | Reached skill level 16 in Axes
  6552 | D:7      | Reached XP level 10. HP: 36/80 MP: 9/9
  7133 | D:8      | Reached skill level 5 in Fighting
  7213 | D:8      | Reached **** piety under Okawaru
  7476 | D:8      | Found a staircase to the Lair.
  7493 | D:8      | Slain by a porcupine

Skill      XL: |  1  2  3  4  5  6  7  8  9 10 |
---------------+-------------------------------+-----
Axes           | 3 4 5 6 7 9 11 13 16 | 16.0
Fighting       | 4 8 |  8.3
Armour         | |  3.6
Shields        | |  3.6

Action                   |  1- 3 |  4- 6 |  7- 9 | 10-12 || total
-------------------------+-------+-------+-------+-------++-------
Melee: War axe           |    75 |   121 |   260 |   110 ||   566
       Headbutt          |     9 |    18 |    49 |    25 ||   101
  Use: Scroll            |     3 |    19 |     9 |     3 ||    34
       Potion            |       |     2 |     3 |     2 ||     7
  Eat: Ration            |       |     3 |     3 |     1 ||     7
Armor: Scale mail        |    37 |    29 |    78 |    24 ||   168
Dodge: Dodged            |    34 |    32 |    50 |    21 ||   137
Block: Shield            |    34 |    84 |   193 |    85 ||   396
       Reflection        |       |     4 |     8 |     1 ||    13
